 Dungeon Crawl Stone Soup version 0.19.1-1-g22dce08 (webtiles) character file.

788 Alarkh the Cleaver (level 7, 0/52 HPs)
             Began as a Demonspawn Monk on Jan 3, 2017.
             Slain by a wraith (6 damage)
             ... in an ossuary.
             The game lasted 00:10:30 (5135 turns).

Alarkh the Cleaver (Demonspawn Monk)                Turns: 5135, Time: 00:10:31

Health: 0/52       AC:  7    Str: 11    XL:     7   Next: 56%
Magic:  7/7        EV: 14    Int: 14    God:
Gold:   237        SH:  0    Dex: 15    Spells: 0 memorised, 6 levels left

rFire  + . .     SeeInvis .     a - +0 hand axe
rCold  . . .     Gourm    .     d - +2 leather armour {rF+}
rNeg   . . .     Faith    .     (no shield)
rPois  .         Spirit   .     (no helmet)
rElec  .         Reflect  .     g - +0 cloak
rCorr  .         Harm     .     u - +0 pair of gloves
MR     .....                    (no boots)
Stlth  ++++......               C - amulet of regeneration
                                B - +2 ring of evasion
                                o - ring of stealth

@: slowed, drained, very slow
A: claws 1, nightstalker 1, powered by death 1
a: no special abilities


You were in an ossuary.
You were very hungry.

You visited 1 branch of the dungeon, and saw 6 of its levels.
You also visited: Ossuary.

You collected 237 gold pieces.

Inventory:

Hand Weapons
 a - a +0 hand axe (weapon)
Armour
 b - a +0 robe
 d - a +2 leather armour of fire resistance (worn)
 g - a +0 cloak (worn)
 u - a +0 pair of gloves (worn)
 z - a +0 leather armour of fire resistance
Jewellery
 m - an uncursed ring of resist corrosion
 o - a ring of stealth (left hand)
 w - an uncursed amulet of guardian spirit
 B - a +2 ring of evasion (right hand)
 C - an amulet of regeneration (around neck)
Wands
 s - a wand of iceblast (5/15)
 y - a wand of teleportation (0/9)
 F - a wand of random effects (33/48)
Scrolls
 i - a scroll of remove curse
 k - 2 scrolls of blinking
 l - a scroll of magic mapping
 p - 2 scrolls of noise {unknown}
 q - a scroll of enchant armour {unknown}
 r - 2 scrolls of fear
 t - a scroll of random uselessness {unknown}
 v - a scroll of recharging {unknown}
 A - a scroll of enchant weapon {unknown}
 E - a scroll of amnesia {unknown}
Potions
 e - 2 potions of mutation
 h - 2 potions of haste
 j - 2 potions of heal wounds
 n - a potion of flight
 x - a potion of cure mutation
 D - 2 potions of ambrosia
 I - a potion of brilliance
Comestibles
 c - 3 bread rations
 f - a slice of pizza


   Skills:
 - Level 3.0(2.8) Fighting
 + Level 8.3(8.1) Axes
 - Level 2.6(2.5) Dodging
 - Level 1.7(1.6) Stealth


You had 6 spell levels left.
You didn't know any spells.

Dungeon Overview and Level Annotations

Branches:
Dungeon (6/15)
 Temple: D:4-7

Altars:
Makhleb
Qazlal

Shops:
D:5 [   D:6 (

Annotations:
D:4 PeterLawrence's ghost, amateur MiFi
D:6 barowei's ghost, novice CeAM


Innate Abilities, Weirdness & Mutations

You have sharp fingernails.
You are slightly more attuned to the shadows.
You regenerate a little health from kills.


Message History

The wraith hits you. x2
You hit the wraith but do no damage.
The wraith is almost destroyed.
The wraith hits you but does no damage.
You barely miss the wraith.
The wraith is almost destroyed.
The wraith hits you!
* * * LOW HITPOINT WARNING * * *
The wraith drains your vigour!
You feel as though you will be slow longer.
You hit the wraith but do no damage.
The wraith is almost destroyed.
You feel a little less agile now. The wraith completely misses you.
You completely miss the wraith.
The wraith is almost destroyed.
The wraith hits you.
* * * LOW HITPOINT WARNING * * *
The wraith hits you.
You die...

#..#z#..#)#.# #.###..###..###.#
### ######## #...............#
#W# #.....##
#.###.......###.###▓#####.8.8.##
#. #.......#z#.'.....'.......'.
# #.......###.###▓#####.8.8.##
...............# #z# #.....##
.###..###..###.# ### ########
#..#z#..#.#@# #..###..##W.#
............# ##############


You could see a wraith.

Vanquished Creatures
  The ghost of buskinjo the Cudgeler, an amateur NaWn (D:3)
  An ogre (D:5)
  A wight (Ossuary)
  A hound (D:4)
  A bullfrog skeleton (D:4)
  4 orc wizards
  3 orc priests (D:4)
  An iron imp (D:4)
  Terence (D:2)
  3 worker ants
  4 adders
  An ooze (D:1)
  An adder skeleton (D:4)
  A worm (D:4)
  2 dart slugs
  3 leopard geckos
  14 orcs
  A ball python (D:1)
  4 bats
  2 giant cockroaches
  9 hobgoblins
  11 jackals
  A ball python skeleton (Ossuary)
  6 frilled lizards
  4 goblins
  2 hobgoblin skeletons (Ossuary)
  A hobgoblin zombie (Ossuary)
  7 kobolds
  2 kobold zombies (Ossuary)
  2 orc skeletons (Ossuary)
  2 orc zombies (Ossuary)
97 creatures vanquished.

Notes
Turn   | Place    | Note
-------+----------+-------------------------------------------
     0 | D:1      | Alarkh the Demonspawn Monk began the quest for the Orb.
     0 | D:1      | Reached XP level 1. HP: 18/18 MP: 1/1
    15 | D:1      | Reached skill level 3 in Axes
    63 | D:1      | Gained mutation: You regenerate a little health from kills. [demonic ancestry]
    63 | D:1      | Reached XP level 2. HP: 18/24 MP: 2/2
   586 | D:1      | Gained mutation: You are slightly more attuned to the shadows. [demonic ancestry]
   586 | D:1      | Reached XP level 3. HP: 29/29 MP: 3/3
  1002 | D:2      | Reached skill level 4 in Axes
  1521 | D:3      | Reached XP level 4. HP: 35/35 MP: 4/4
  1847 | D:3      | Noticed Terence
  1908 | D:3      | Found a stormy altar of Qazlal.
  2025 | D:3      | Reached skill level 5 in Axes
  2127 | D:3      | Reached XP level 5. HP: 29/41 MP: 1/5
  2666 | D:3      | Noticed buskinjo's ghost (amateur NaWn)
  2724 | D:2      | Killed Terence
  2785 | D:3      | Killed buskinjo's ghost
  2785 | D:3      | Reached skill level 6 in Axes
  2785 | D:3      | Reached XP level 6. HP: 24/47 MP: 2/6
  3303 | D:4      | Reached skill level 7 in Axes
  3523 | D:4      | Noticed PeterLawrence's ghost (amateur MiFi)
  3590 | D:4      | Found a burning altar of Makhleb.
  3667 | D:4      | Gained mutation: You have sharp fingernails. [demonic ancestry]
  3667 | D:4      | Reached XP level 7. HP: 51/52 MP: 7/7
  3907 | D:5      | Entered Level 5 of the Dungeon
  3907 | D:5      | Found Vucem's Armour Shoppe.
  4262 | D:5      | Reached skill level 8 in Axes
  4501 | D:6      | Noticed barowei's ghost (novice CeAM)
  4502 | D:6      | Found Ulierer's Antique Weapon Shoppe.
  4635 | D:6      | Found a sand-covered staircase.
  4648 | D:6      | Noticed a hippogriff
  4667 | Ossuary  | Entered an ossuary
  5016 | Ossuary  | Noticed a wraith
  5016 | Ossuary  | Noticed a flying skull
  5050 | Ossuary  | Noticed a flying skull
  5053 | Ossuary  | Noticed a flying skull
  5085 | Ossuary  | Noticed a flying skull
  5086 | Ossuary  | Noticed a wraith
  5135 | Ossuary  | Slain by a wraith

Skill      XL: |  1  2  3  4  5  6  7 |
---------------+----------------------+-----
Axes           | 3 4 5 6 7 8 |  8.3
Fighting       | |  3.0
Dodging        | |  2.6
Stealth        | |  1.7

Action                   |  1- 3 |  4- 6 |  7- 9 || total
-------------------------+-------+-------+-------++-------
Melee: Hand axe          |   130 |   279 |   160 ||   569
  Use: Scroll            |     4 |     4 |     4 ||    12
       Potion            |       |     4 |     5 ||     9
 Stab: Sleeping          |    10 |     5 |    12 ||    27
  Eat: Chunk             |     2 |     7 |     4 ||    13
Armor: Robe              |    17 |       |       ||    17
       Leather armour    |    14 |    66 |    27 ||   107
Dodge: Dodged            |    81 |   125 |   106 ||   312
